 Dungeon Crawl Stone Soup version 0.22.1-1-ga44c0e5 (webtiles) character file.

1807 leisz the Digger (level 9, -2/56 HPs)
             Began as a Gargoyle Earth Elementalist on Sept 30, 2018.
             Was a Follower of Qazlal.
             Slain by a killer bee (4 damage)
             ... on level 8 of the Dungeon.
             The game lasted 00:21:45 (7269 turns).

leisz the Digger (Gargoyle Earth Elementalist)      Turns: 7269, Time: 00:21:47

Health: -2/56      AC: 13    Str: 11    XL:     9   Next: 9%
Magic:  10/17      EV: 10    Int: 20    God:    Qazlal [*.....]
Gold:   362        SH:  1    Dex: 10    Spells: 15/19 levels left

rFire    + . .     SeeInvis .   t - -2 great sword (curse)
rCold    + . .     Gourm    .   (shield currently unavailable)
rNeg     + . .     Faith    .   k - +2 ring mail {rF+}
rPois    ∞         Spirit   .   (no helmet)
rElec    +         Reflect  .   (no cloak)
rCorr    .         Harm     .   (no gloves)
MR       .....                  (no boots)
Stlth    +.........             (no amulet)
HPRegen  0.18/turn              g - ring of protection from cold
MPRegen  0.15/turn              (no ring)

@: very slightly contaminated, invisible
A: negative energy resistance 1, electricity resistance, unbreathing,
petrification resistance, rot immunity, AC +6
a: Renounce Religion


You were on level 8 of the Dungeon.
You worshipped Qazlal.
Qazlal was aware of your devotion.
You were not hungry.

You visited 1 branch of the dungeon, and saw 8 of its levels.

You collected 362 gold pieces.

Inventory:

Hand Weapons
 n - a +3 long sword
 o - a +3 mace of crushing
 t - a cursed -2 great sword (weapon)
Missiles
 b - 4 tomahawks of returning
 e - a throwing net
 h - 6 javelins (quivered)
 j - 23 stones
Armour
 c - a +0 shield
 k - a +2 ring mail of fire resistance (worn)
 r - a +1 chain mail of poison resistance
Jewellery
 g - a ring of protection from cold (left hand)
Wands
 f - a wand of iceblast (8)
 s - a wand of enslavement (10)
Potions
 i - 6 potions of curing
 l - a potion of brilliance {unknown}
 m - 3 potions of lignification
 p - a potion of cancellation {unknown}
 q - a potion of flight {unknown}
Comestibles
 d - 9 rations


   Skills:
 + Level 6.4 Fighting
 - Level 4.0 Maces & Flails
 + Level 2.0 Armour
 - Level 1.5 Dodging
 - Level 2.1 Stealth
 + Level 1.3 Shields
 + Level 5.6 Spellcasting
   Level 0.7 Transmutations
 + Level 7.9 Earth Magic


You had 15 spell levels left.
You knew the following spells:

 Your Spells              Type           Power        Failure   Level  Hunger
a - Sandblast             Erth           #####.       1%          1    None
b - Stone Arrow           Conj/Erth      ###...       16%         3    ##.....

Your spell library contained the following spells:

 Spells                   Type           Power        Failure   Level  Hunger
 Passwall                 Tmut/Erth      ###.....     6%          2    None
 Animate Skeleton         Necr           N/A          26%         1    None
 Apportation              Tloc           #.....       26%         1    None
 Confusing Touch          Hex            #.....       26%         1    None
 Summon Small Mammal      Summ           #...         26%         1    None
 Lee's Rapid Deconstruct  Erth           #####.....   26%         5    #####..
 Petrify                  Tmut/Erth      ###.....     38%         4    ####...


Dungeon Overview and Level Annotations

Branches:
Dungeon (8/15)             Temple (0/1) D:4
   Lair: D:8-11

Altars:
Ashenzari
Makhleb
Qazlal
Ru
Sif Muna
Trog
Wu Jian
Xom
The Shining One

Annotations:
D:6 1 runed door, Zanta616's ghost, novice DsAK


Innate Abilities, Weirdness & Mutations

You are resistant to torment.
Your stone body is resilient. (AC +6)
You are immune to poison.
You resist negative energy. (rN+)
You are resistant to electric shocks. (rElec)
You can survive without breathing.
You are immune to petrification.
You are immune to rotting.


Message History

The blast of sand hits the killer bee.
You kill the killer bee!
Qazlal accepts your kill.
Your Armour skill increases to level 2!
j - 24 stones The killer bee stings you but does no damage. x2
The killer bee stings you.
* * * LOW HITPOINT WARNING * * *
The killer bee barely misses you.
You riposte.
You barely miss the killer bee.
Casting: Sandblast (safe; 1% risk of failure)
Confirm with . or Enter, or press ? or * to list all spells.
Aiming: Sandblast (safe; 1% risk of failure)
Press: ? - help, Shift-Dir - straight line, f - killer bee
Aim: a killer bee (moderately wounded)
The blast of sand misses the killer bee.
j - 23 stones The killer bee misses you.
The killer bee stings you but does no damage.
The killer bee stings you.
You die...

## (.
#.#########
#..@y......
...<...y.......
###############


You could see 2 killer bees.

Vanquished Creatures
  2 sky beasts
  3 ice beasts (D:6)
  A necrophage (D:5)
  3 phantoms
  2 ogres
  2 bullfrogs
  A wyvern zombie (D:7)
  A killer bee (D:8)
  2 howler monkeys (D:5)
  A bullfrog skeleton (D:6)
  2 hounds (D:5)
  A quasit (D:5)
  3 orc wizards
  3 worker ants
  10 adders
  3 gnolls (D:4)
  2 shadow imps (D:7)
  An ooze (D:5)
  3 adder skeletons
  3 worms
  5 leopard geckos
  13 orcs
  2 ball pythons
  8 giant cockroaches
  10 goblins
  A hobgoblin (D:3)
  4 jackals (D:4)
  7 kobolds
  3 quokkas
  2 ball python skeletons
  2 bats
  5 frilled lizards
  A quokka zombie (D:5)
  7 rats
119 creatures vanquished.

Notes
Turn   | Place    | Note
-------+----------+-------------------------------------------
     0 | D:1      | leisz the Gargoyle Earth Elementalist began the quest for
                  | the Orb.
     0 | D:1      | Reached XP level 1. HP: 10/10 MP: 3/3
   348 | D:1      | Reached XP level 2. HP: 16/16 MP: 3/5
   376 | D:1      | Reached skill level 1 in Fighting
   949 | D:2      | Reached skill level 4 in Earth Magic
  1031 | D:2      | Reached XP level 3. HP: 17/20 MP: 2/6
  1078 | D:2      | Noticed a sky beast
  1122 | D:2      | Killed a sky beast
  1122 | D:2      | Reached XP level 4. HP: 7/27 MP: 3/8
  1122 | D:2      | Reached XP level 5. HP: 9/31 MP: 3/9
  1394 | D:2      | Found a faded altar of an unknown god.
  1611 | D:2      | Reached skill level 5 in Earth Magic
  2216 | D:3      | Noticed a phantom
  2248 | D:3      | Killed a phantom
  2248 | D:3      | Reached XP level 6. HP: 34/37 MP: 5/11
  2440 | D:3      | Noticed a sky beast
  2462 | D:3      | Killed a sky beast
  2462 | D:3      | Reached skill level 6 in Earth Magic
  2880 | D:4      | Reached XP level 7. HP: 40/43 MP: 13/13
  2901 | D:4      | Reached skill level 1 in Maces & Flails
  2901 | D:4      | Reached skill level 1 in Armour
  3078 | D:4      | Learned a level 1 spell: Sandblast
  3082 | D:4      | Learned a level 3 spell: Stone Arrow
  3849 | D:4      | Found a stormy altar of Qazlal.
  3859 | D:4      | Became a worshipper of Qazlal Stormbringer
  3978 | D:4      | Found a staircase to the Ecumenical Temple.
  4168 | D:5      | Entered Level 5 of the Dungeon
  4856 | D:5      | Found a shattered altar of Ashenzari.
  5074 | D:5      | Reached skill level 5 in Fighting
  5076 | D:5      | Reached XP level 8. HP: 32/49 MP: 4/14
  5109 | D:5      | Found a bloodstained altar of Trog.
  5166 | D:5      | HP: 2/49 [orc wizard/puff of frost (5)]
  5546 | D:5      | Reached skill level 7 in Earth Magic
  5565 | D:5      | Found an ornate altar of the Wu Jian Council.
  5565 | D:5      | Found a burning altar of Makhleb.
  6018 | D:6      | Reached skill level 5 in Spellcasting
  6218 | D:6      | Found a sacrificial altar of Ru.
  6255 | D:6      | Found a glowing golden altar of the Shining One.
  6305 | D:6      | Found a runed door.
  6305 | D:6      | Noticed Zanta616's ghost (novice DsAK)
  6557 | D:6      | Found a deep blue altar of Sif Muna.
  6869 | D:6      | You fall through a shaft for 2 floors!
  6889 | D:8      | Found a shimmering altar of Xom.
  7091 | D:7      | Reached XP level 9. HP: 55/55 MP: 9/17
  7092 | D:7      | Reached skill level 1 in Shields
  7178 | D:7      | Reached * piety under Qazlal
  7268 | D:8      | HP: 2/56 [killer bee (4)]
  7269 | D:8      | Slain by a killer bee

Skill      XL: |  1  2  3  4  5  6  7  8  9 |
---------------+----------------------------+-----
Fighting       | 1 2 3 4 5 6 |  6.4
Earth Magic    | 4 5 6 7 |  7.9
Spellcasting   | 3 4 5 |  5.6
Maces & Flails | 2 4 |  4.0
Armour         | 1 2 |  2.0
Shields        | 1 |  1.3
Dodging        | |  1.5
Stealth        | |  2.1
Transmutations | |  0.7

Action                   |  1- 3 |  4- 6 |  7- 9 || total
-------------------------+-------+-------+-------++-------
Melee: Whip              |    42 |    30 |       ||    72
       Mace              |       |    64 |     9 ||    73
       Great sword       |       |       |   201 ||   201
Throw: Stone             |     1 |       |       ||     1
       Javelin           |       |     4 |       ||     4
 Cast: Sandblast         |    29 |    41 |    32 ||   102
       Stone Arrow       |       |       |    34 ||    34
  Use: Scroll            |       |     1 |     9 ||    10
       Potion            |       |       |     3 ||     3
 Stab: Sleeping          |       |     1 |       ||     1
       Invisible         |       |       |     3 ||     3
  Eat: Chunk             |     1 |     6 |     7 ||    14
       Ration            |       |       |     3 ||     3
Armor: Robe              |     2 |       |       ||     2
       Ring mail         |    34 |    83 |   298 ||   415
Dodge: Dodged            |    27 |    76 |   232 ||   335
Block: Other             |       |       |     5 ||     5
       Rpst.: Great sword |       |       |    65 ||    65
